 Dungeon Crawl Stone Soup version 0.21.1-1-g345015fe64 (webtiles) character file.

42 Ethylacetat the Skirmisher (level 3, -3/29 HPs)
             Began as a Demonspawn Chaos Knight on June 12, 2018.
             Slain by a howler monkey (7 damage)
             ... on level 2 of the Dungeon.
             The game lasted 00:04:26 (968 turns).

Ethylacetat the Skirmisher (Demonspawn Chaos Knight) Turns: 968, Time: 00:04:27

Health: -3/29      AC:  6    Str: 12    XL:     3   Next: 33%
Magic:  3/3        EV: 11    Int: 13    God:    Xom [...*..]
Gold:   82         SH:  0    Dex: 13    Spells: 2/2 levels left

rFire    . . .     SeeInvis .     - Unarmed
rCold    . . .     Gourm    .   (no shield)
rNeg     . . .     Faith    .   a - +2 leather armour
rPois    .         Spirit   .   e - +0 helmet
rElec    .         Reflect  .   (no cloak)
rCorr    .         Harm     .   (no gloves)
MR       .....                  (no boots)
Stlth    +.........             (no amulet)
HPRegen  0.09/turn              (no ring)
MPRegen  0.08/turn              (no ring)

@: no status effects
A: demonic guardian 1
a: Renounce Religion


You were on level 2 of the Dungeon.
You worshipped Xom.
You were a favourite toy of Xom.
You were not hungry.

You visited 1 branch of the dungeon, and saw 2 of its levels.

You collected 82 gold pieces.

Inventory:

Armour
 a - a +2 leather armour (worn)
 e - a +0 helmet (worn)
Scrolls
 c - 4 scrolls of teleportation {unknown}
 f - a scroll of identify {unknown}
 g - a scroll of remove curse
Potions
 d - a potion of heal wounds {unknown}
 h - 2 potions of mutation {unknown}
 i - a potion of magic {unknown}
 j - a potion of degeneration {unknown}
 k - a potion of brilliance {unknown}
Comestibles
 b - 2 rations


   Skills:
 + Level 3.5 Fighting
 - Level 2.1 Armour
 - Level 0.9 Dodging
 * Level 3.4 Unarmed Combat


You had 2 spell levels left.
You didn't know any spells.

Dungeon Overview and Level Annotations

Branches:
Dungeon (2/15)

Altars:
Xom


Innate Abilities, Weirdness & Mutations

A weak demonic guardian rushes to your aid.


Message History

You are too injured to fight recklessly!
You are too injured to fight recklessly!
You are too injured to fight recklessly!
You are too injured to fight recklessly!
You are too injured to fight recklessly!
You are too injured to fight recklessly!
You closely miss the howler monkey.
The howler monkey is heavily wounded.
Your shadow imp barely misses the howler monkey.
The howler monkey hits you.
* * * LOW HITPOINT WARNING * * *
You hit the howler monkey.
The howler monkey is heavily wounded.
The howler monkey hits you.
* * * LOW HITPOINT WARNING * * *
Your shadow imp closely misses the howler monkey.
You hit the howler monkey.
The howler monkey is severely wounded.
The howler monkey hits you!
You die...

######### .....
#####........ ....
......####### ..).
#......########... .
##............... ..#
######.######.####....?
#...##....@h5.#
..####.#.....#####
..............#
...#####.####.?... #.#
#####.. ..# .... .#.##
...!


You could see a howler monkey and a friendly shadow imp.

Vanquished Creatures
  2 oozes (D:1)
  2 dart slugs (D:1)
  A leopard gecko (D:1)
  5 goblins (D:1)
  2 hobgoblins (D:1)
  4 jackals (D:1)
  4 kobolds (D:1)
  2 bats (D:1)
  2 frilled lizards (D:1)
  3 rats (D:1)
27 creatures vanquished.

Notes
Turn   | Place    | Note
-------+----------+-------------------------------------------
     0 | D:1      | Ethylacetat the Demonspawn Chaos Knight began the quest for the Orb.
     0 | D:1      | Reached XP level 1. HP: 18/18 MP: 1/1
   183 | D:1      | XOM: potion effect (agility)
   184 | D:1      | XOM: potion effect (might)
   189 | D:1      | XOM: swap monsters
   191 | D:1      | Gained mutation: A weak demonic guardian rushes to your aid. [demonic ancestry]
   191 | D:1      | Reached XP level 2. HP: 24/24 MP: 2/2
   345 | D:1      | Reached XP level 3. HP: 25/29 MP: 3/3
   707 | D:1      | XOM: god gift: 11 stones
   800 | D:1      | XOM: cloud trail
   847 | D:1      | XOM: scenery: create altars
   961 | D:2      | XOM: polymorph worm -> howler monkey
   968 | D:2      | Slain by a howler monkey

Skill      XL: |  1  2 |
---------------+-------+-----
Armour         | 2 |  2.1
Unarmed Combat | 3 |  3.4
Fighting       | |  3.5
Dodging        | |  0.9

Action                   || total
-------------------------++-------
Melee: Unarmed           ||   116
  Use: Scroll            ||     2
 Stab: Confused          ||     1
       Sleeping          ||     1
Armor: Leather armour    ||    46
Dodge: Dodged            ||   116
